Canucks vs Oilers

Created - December 23, 2015 at 17:42

Goals
1 2 3 T
Canucks 0 2 1 3
Oilers 1 0 0 1
Shots
1 2 3 T
Canucks 7 9 13 29
Oilers 6 4 11 21

1st period

1. Oilers , Matt Read 3 (Aleksander Barkov, Jeff Schultz) at 12:59

Penalties :
Jay Beagle (EDM) for Hooking (Minor) at 1:15, Erik Karlsson (VAN) for Tripping (Minor) at 1:15, Ryan Kesler (EDM) for Holding (Minor) at 14:15

2nd period

2. Canucks , Adam Henrique 8 (Evgeny Kuznetsov, Andrei Markov) at 2:24 (PP)
3. Canucks , Phil Kessel 7 (Evgeny Kuznetsov, Alex Pietrangelo) at 12:58 (PP)

Penalties :
Brad Stuart (EDM) for Tripping (Minor) at 0:31, Brad Stuart (EDM) for Holding (Minor) at 11:23

3rd period

4. Canucks , Marcus Kruger 4 (Andrei Markov, Alex Pietrangelo) at 5:29

Penalties :
Brian Campbell (EDM) for Slashing (Minor) at 6:48, Marc-Edouard Vlasic (EDM) for Roughing (Minor) at 10:29

Goalie Stats

Henrik Lundqvist (VAN), 20 saves from 21 shots - (0.952), W, 18-12-3, 60:00 minutes
Cam Ward (EDM), 26 saves from 29 shots - (0.897), L, 6-13-3, 60:00 minutes

Players Stats for Canucks

Player Name              G  A  P  +/- PIM S  H  SB GA TA FO     MP     PP MP  PK MP  
------------------------------------------------------------------------------------
Adam Henrique            1  0  1   0  0   2  0  0  0  0  2/2    18:51   4:07   0:00 
Alex Pietrangelo         0  2  2   1  0   3  1  0  0  0  0/0    22:24   4:03   0:00 
Andrei Markov            0  2  2   1  0   3  1  3  0  0  0/0    23:43   5:22   0:00 
Brent Burns              0  0  0   0  0   0  1  3  0  0  0/0    20:00   4:03   0:00 
Chris Kreider            0  0  0   1  0   0  2  1  0  0  1/2    13:53   1:07   0:00 
Claude Giroux            0  0  0  -1  0   1  1  0  0  0  12/24  22:11   5:18   0:00 
Erik Karlsson            0  0  0   0  2   2  1  2  0  0  0/0    21:05   5:22   0:00 
Evgeny Kuznetsov         0  2  2   0  0   1  0  0  0  0  8/12    9:13   4:07   0:00 
Jimmy Hayes              0  0  0   1  0   0  2  0  0  0  1/1    12:46   0:00   0:00 
Jonas Brodin             0  0  0  -1  0   0  0  4  0  0  0/0    16:30   0:00   0:00 
Logan Couture            0  0  0  -1  0   4  1  0  0  0  0/0    21:18   5:18   0:00 
Marcus Kruger            1  0  1   1  0   1  0  0  0  0  7/17   13:39   0:00   0:00 
Matt Cooke               0  0  0   0  0   0  0  0  0  0  0/0     5:06   0:00   0:00 
Phil Kessel              1  0  1  -1  0   1  0  0  0  0  0/0    19:00   3:00   0:00 
Reilly Smith             0  0  0   0  0   1  0  0  0  0  0/0     6:12   0:00   0:00 
Ryan Johansen            0  0  0   0  0   6  0  0  0  0  6/17   20:15   5:18   0:00 
Ryan Strome              0  0  0   0  0   2  0  1  0  0  3/3    15:37   0:00   0:00 
Simon Despres            0  0  0  -1  0   2  8  0  0  0  0/0    16:17   0:00   0:00 

Players Stats for Oilers

Player Name              G  A  P  +/- PIM S  H  SB GA TA FO     MP     PP MP  PK MP  
------------------------------------------------------------------------------------
Aleksander Barkov        0  1  1   0  0   2  0  0  0  0  11/16  13:41   0:00   0:29 
Bo Horvat                0  0  0   0  0   0  0  0  0  0  0/0     0:32   0:00   0:00 
Brad Stuart              0  0  0   0  4   2  4  2  0  0  0/0    24:38   0:00   2:47 
Brian Campbell           0  0  0   0  2   0  0  1  0  0  0/0    20:31   0:00   3:33 
Emerson Etem             0  0  0   0  0   0  0  0  0  0  0/0     0:32   0:00   0:00 
Gabriel Landeskog        0  0  0   0  0   3  3  0  0  0  1/2    21:12   0:00   0:00 
Jay Beagle               0  0  0   0  2   1  0  0  0  0  0/1    16:24   0:00   0:46 
Jeff Schultz             0  1  1   0  0   1  0  0  0  0  0/0    15:25   0:00   3:42 
Justin Williams          0  0  0   0  0   0  0  0  0  0  0/2    18:30   0:00   0:00 
Kyle Quincey             0  0  0   0  0   0  3  0  0  0  0/0    16:27   0:00   4:44 
Landon Ferraro           0  0  0   0  0   0  0  0  0  0  0/1     3:00   0:00   0:00 
Marc-Edouard Vlasic      0  0  0   0  2   0  0  1  0  0  0/0    20:41   0:00   3:43 
Marco Scandella          0  0  0   0  0   2  1  0  0  0  0/0    22:14   0:00   0:21 
Matt Read                1  0  1   0  0   2  0  1  0  0  0/0    16:42   0:00   4:57 
Mikkel Boedker           0  0  0   0  0   3  0  0  0  0  1/1    19:49   0:00   4:28 
Ryan Kesler              0  0  0   0  2   4  2  0  0  0  11/26  22:11   0:00   3:42 
Scottie Upshall          0  0  0   0  0   1  0  0  0  0  1/2    13:12   0:00   0:00 
Tyler Bozak              0  0  0   0  0   0  0  0  0  0  13/27  22:49   0:00   4:28 

3 Stars

1 - Henrik Lundqvist (VAN)
2 - Andrei Markov (VAN)
3 - Alex Pietrangelo (VAN)

Power Play

Canucks - 2 on 5 Attempt(s) - 40.00%
Oilers - 0 on 0 Attempt(s) - 0.00%

Penalty Kill

Canucks - 0 on 0 Attempt(s) - 0.00% - Score 0 goal in Penalty Kill
Oilers - 3 on 5 Attempt(s) - 60.00% - Score 0 goal in Penalty Kill

Team Stat

Canucks - Hits : 18 - Faceoff Wins : 40 - Blocked Shots : 14 - Penalty Minutes : 2
Oilers - Hits : 13 - Faceoff Wins : 38 - Blocked Shots : 5 - Penalty Minutes : 12

Official

Referees : Chris Lee and Greg Kimmerly
Linesman : Bryan Pancich and Derek Amell

Game Notes

No Game Note

Finance

Level 1 -- Attendance: 5876 (90.40%) -- Ticket Income $522,964
Level 2 -- Attendance: 4418 (88.36%) -- Ticket Income $318,096
Level 3 -- Attendance: 2368 (67.66%) -- Ticket Income $146,816
Level 4 -- Attendance: 839 (100.00%) -- Ticket Income $51,179
Luxury Box -- Attendance: 866 (86.60%) -- Ticket Income $174,066
Game was played at the Rexall Place.
Total Attendance: 14367 (85.32%)
Total Ticket Income: $1,213,121
Other Income: $181,968
Total Income: $1,395,089

% Time on Ice - Canucks

Lines # - Real PCT - Wanted PCT - Time Play
Normal Forward
1 - 33% - 33% - 16:00
2 - 30% - 30% - 14:44
3 - 26% - 25% - 12:46
4 - 10% - 12% - 5:06
Normal Defense
1 - 36% - 35% - 17:28
2 - 31% - 32% - 15:03
3 - 32% - 27% - 15:24
4 - 1% - 6% - 0:41
PP Forward
1 - 56% - 57% - 5:18
2 - 44% - 43% - 4:07
PP Defense
1 - 57% - 53% - 5:22
2 - 43% - 47% - 4:03
PK Forward
1 - 0% - 55%
2 - 0% - 45%
PK Defense
1 - 0% - 50%
2 - 0% - 50%
PK3 Forward
1 - 0% - 52%
2 - 0% - 48%
PK3 Defense
1 - 0% - 51%
2 - 0% - 49%
44 Forward
1 - 55% - 55% - 1:06
2 - 45% - 45% - 0:53
44 Defense
1 - 55% - 52% - 1:06
2 - 45% - 48% - 0:53
Last Minute Offensive  - 0:00
Last Minute Defensive  - 0:00
Total
Forward - 60:00
Defense - 60:00

% Time on Ice - Oilers

Lines # - Real PCT - Wanted PCT - Time Play
Normal Forward
1 - 38% - 40% - 18:30
2 - 32% - 30% - 15:21
3 - 24% - 17% - 11:45
4 - 6% - 13% - 3:00
Normal Defense
1 - 38% - 38% - 18:23
2 - 34% - 32% - 16:18
3 - 24% - 20% - 11:43
4 - 5% - 10% - 2:12
PP Forward
1 - 0% - 50%
2 - 0% - 50%
PP Defense
1 - 0% - 50%
2 - 0% - 50%
PK Forward
1 - 53% - 50% - 4:57
2 - 47% - 50% - 4:28
PK Defense
1 - 50% - 50% - 4:44
2 - 50% - 50% - 4:41
PK3 Forward
1 - 0% - 50%
2 - 0% - 50%
PK3 Defense
1 - 0% - 50%
2 - 0% - 50%
44 Forward
1 - 73% - 60% - 1:27
2 - 27% - 40% - 0:32
44 Defense
1 - 66% - 60% - 1:18
2 - 34% - 40% - 0:41
Last Minute Offensive  - 0:00
Last Minute Defensive  - 0:00
Total
Forward - 60:00
Defense - 60:00

Play by Play

1st period


0:01 of 1st period - Ryan Kesler wins face-off versus Claude Giroux in neutral zone.
0:04 of 1st period - Alex Pietrangelo is hit by Gabriel Landeskog and loses puck.
1:15 of 1st period - Minor Penalty to Jay Beagle for Hooking.
1:15 of 1st period - Minor Penalty to Erik Karlsson for Tripping.
1:16 of 1st period - Claude Giroux wins face-off versus Scottie Upshall in Canucks zone.
2:24 of 1st period - Shot by Bo Horvat.
2:24 of 1st period - Shot Misses the Net.
2:26 of 1st period - Shot by Brad Stuart.
2:26 of 1st period - Stopped by Henrik Lundqvist with a rebound.
2:28 of 1st period - Shot by Marco Scandella.
2:28 of 1st period - Stopped by Henrik Lundqvist without a rebound.
2:29 of 1st period - Aleksander Barkov wins face-off versus Marcus Kruger in Canucks zone.
3:16 of 1st period - Reilly Smith is hit by Kyle Quincey and loses puck.
3:32 of 1st period - Mikkel Boedker is hit by Erik Karlsson and loses puck.
3:43 of 1st period - Shot by Mikkel Boedker.
3:43 of 1st period - Shot Misses the Net.
3:49 of 1st period - Shot by Mikkel Boedker.
3:49 of 1st period - Shot Misses the Net.
4:48 of 1st period - Icing by Brian Campbell.
4:49 of 1st period - Marcus Kruger wins face-off versus Ryan Kesler in Oilers zone.
5:16 of 1st period - Icing by Andrei Markov.
5:17 of 1st period - Aleksander Barkov wins face-off versus Marcus Kruger in Canucks zone.
5:48 of 1st period - Brad Stuart is hit by Jimmy Hayes.
5:54 of 1st period - Icing by Alex Pietrangelo.
5:55 of 1st period - Tyler Bozak wins face-off versus Marcus Kruger in Canucks zone.
6:35 of 1st period - Shot by Jay Beagle.
6:35 of 1st period - Shot Misses the Net.
6:37 of 1st period - Shot by Jay Beagle.
6:37 of 1st period - Shot Misses the Net.
6:49 of 1st period - Shot by Logan Couture.
6:49 of 1st period - Shot Blocked by Brian Campbell.
8:20 of 1st period - Shot by Aleksander Barkov.
8:20 of 1st period - Stopped by Henrik Lundqvist without a rebound.
8:21 of 1st period - Claude Giroux wins face-off versus Tyler Bozak in Canucks zone.
9:08 of 1st period - Icing by Mikkel Boedker.
9:09 of 1st period - Marcus Kruger wins face-off versus Tyler Bozak in Oilers zone.
9:09 of 1st period - Marcus Kruger is hit by Kyle Quincey.
9:50 of 1st period - Off-side.
9:51 of 1st period - Aleksander Barkov wins face-off versus Ryan Johansen in neutral zone.
10:22 of 1st period - Shot by Ryan Johansen.
10:22 of 1st period - Shot Blocked by Matt Read.
11:05 of 1st period - Icing by Marco Scandella.
11:06 of 1st period - Ryan Kesler wins face-off versus Marcus Kruger in Oilers zone.
11:06 of 1st period - Ryan Kesler is hit by Chris Kreider.
11:18 of 1st period - Gabriel Landeskog is hit by Alex Pietrangelo and loses puck.
11:29 of 1st period - Shot by Gabriel Landeskog.
11:29 of 1st period - Shot Blocked by Andrei Markov.
11:31 of 1st period - Shot by Justin Williams.
11:31 of 1st period - Shot Blocked by Andrei Markov.
11:54 of 1st period - Alex Pietrangelo is hit by Brad Stuart and loses puck.
11:58 of 1st period - Icing by Marco Scandella.
11:59 of 1st period - Ryan Johansen wins face-off versus Ryan Kesler in Oilers zone.
11:59 of 1st period - Erik Karlsson is hit by Brad Stuart and loses puck.
12:11 of 1st period - Icing by Brent Burns.
12:12 of 1st period - Tyler Bozak wins face-off versus Ryan Johansen in Canucks zone.
12:39 of 1st period - Shot by Ryan Strome.
12:39 of 1st period - Deflect By Ryan Johansen.
12:39 of 1st period - Stopped by Cam Ward without a rebound.
12:40 of 1st period - Claude Giroux wins face-off versus Aleksander Barkov in Oilers zone.
12:57 of 1st period - Shot by Aleksander Barkov.
12:57 of 1st period - Shot Misses the Net.
12:59 of 1st period - Shot by Matt Read.
12:59 of 1st period - Goal by Matt Read - Canucks : 0 - Oilers : 1.
13:00 of 1st period - Marcus Kruger wins face-off versus Tyler Bozak in neutral zone.
13:00 of 1st period - Marcus Kruger is hit by Gabriel Landeskog.
13:05 of 1st period - Off-side.
13:06 of 1st period - Claude Giroux wins face-off versus Tyler Bozak in neutral zone.
13:40 of 1st period - Shot by Gabriel Landeskog.
13:40 of 1st period - Stopped by Henrik Lundqvist without a rebound.
13:41 of 1st period - Ryan Johansen wins face-off versus Aleksander Barkov in Canucks zone.
13:55 of 1st period - Shot by Ryan Johansen.
13:55 of 1st period - Stopped by Cam Ward without a rebound.
13:56 of 1st period - Ryan Kesler wins face-off versus Marcus Kruger in Oilers zone.
13:56 of 1st period - Ryan Kesler is hit by Jimmy Hayes.
14:14 of 1st period - Shot by Justin Williams.
14:14 of 1st period - Shot Blocked by Andrei Markov.
14:15 of 1st period - Minor Penalty to Ryan Kesler for Holding.
14:16 of 1st period - Claude Giroux wins face-off versus Tyler Bozak in Oilers zone.
14:31 of 1st period - Shot by Ryan Johansen.
14:31 of 1st period - Shot Misses the Net.
14:33 of 1st period - Shot by Erik Karlsson.
14:33 of 1st period - Stopped by Cam Ward with a rebound.
14:35 of 1st period - Shot by Andrei Markov.
14:35 of 1st period - Stopped by Cam Ward without a rebound.
14:36 of 1st period - Evgeny Kuznetsov wins face-off versus Jay Beagle in Oilers zone.
14:37 of 1st period - Shot by Alex Pietrangelo.
14:37 of 1st period - Stopped by Cam Ward with a rebound.
15:05 of 1st period - Shot by Alex Pietrangelo.
15:05 of 1st period - Stopped by Cam Ward without a rebound.
15:06 of 1st period - Tyler Bozak wins face-off versus Claude Giroux in Oilers zone.
16:29 of 1st period - Shot by Ryan Kesler.
16:29 of 1st period - Stopped by Henrik Lundqvist without a rebound.
16:30 of 1st period - Evgeny Kuznetsov wins face-off versus Tyler Bozak in Canucks zone.
18:21 of 1st period - Shot by Logan Couture.
18:21 of 1st period - Shot Blocked by Brad Stuart.
18:23 of 1st period - Shot by Alex Pietrangelo.
18:23 of 1st period - Stopped by Cam Ward with a rebound.
18:25 of 1st period - Shot by Logan Couture.
18:25 of 1st period - Shot Misses the Net.
18:33 of 1st period - Shot by Phil Kessel.
18:33 of 1st period - Shot Misses the Net.
18:49 of 1st period - Shot by Claude Giroux.
18:49 of 1st period - Shot Misses the Net.
19:13 of 1st period - Shot by Ryan Kesler.
19:13 of 1st period - Deflect By Gabriel Landeskog.
19:13 of 1st period - Shot Misses the Net.
19:15 of 1st period - Shot by Marc-Edouard Vlasic.
19:15 of 1st period - Shot Misses the Net.
19:36 of 1st period - Shot by Ryan Kesler.
19:36 of 1st period - Shot Blocked by Jonas Brodin.
Goals for this period are 0 for Canucks vs 1 for Oilers.
Shots for this period are 7 for Canucks vs 6 for Oilers.

2nd period


0:01 of 2nd period - Tyler Bozak wins face-off versus Claude Giroux in neutral zone.
0:16 of 2nd period - Shot by Tyler Bozak.
0:16 of 2nd period - Deflect By Gabriel Landeskog.
0:16 of 2nd period - Shot Blocked by Erik Karlsson.
0:31 of 2nd period - Minor Penalty to Brad Stuart for Tripping.
0:32 of 2nd period - Ryan Kesler wins face-off versus Evgeny Kuznetsov in Oilers zone.
0:43 of 2nd period - Shot by Andrei Markov.
0:43 of 2nd period - Stopped by Cam Ward without a rebound.
0:44 of 2nd period - Ryan Kesler wins face-off versus Claude Giroux in Oilers zone.
1:10 of 2nd period - Shot by Ryan Johansen.
1:10 of 2nd period - Shot Hit the Post.
1:14 of 2nd period - Shot by Alex Pietrangelo.
1:14 of 2nd period - Shot Misses the Net.
1:16 of 2nd period - Shot by Logan Couture.
1:16 of 2nd period - Shot Misses the Net.
1:38 of 2nd period - Shot by Tyler Bozak.
1:38 of 2nd period - Shot Misses the Net.
1:52 of 2nd period - Shot by Mikkel Boedker.
1:52 of 2nd period - Stopped by Henrik Lundqvist without a rebound.
1:53 of 2nd period - Ryan Kesler wins face-off versus Evgeny Kuznetsov in Canucks zone.
2:24 of 2nd period - Shot by Adam Henrique.
2:24 of 2nd period - Goal by Adam Henrique - Canucks : 1 - Oilers : 1.
2:25 of 2nd period - Chris Kreider wins face-off versus Landon Ferraro in neutral zone.
2:48 of 2nd period - Shot by Gabriel Landeskog.
2:48 of 2nd period - Stopped by Henrik Lundqvist without a rebound.
2:49 of 2nd period - Evgeny Kuznetsov wins face-off versus Aleksander Barkov in Canucks zone.
3:06 of 2nd period - Icing by Marc-Edouard Vlasic.
3:07 of 2nd period - Scottie Upshall wins face-off versus Ryan Johansen in Oilers zone.
5:53 of 2nd period - Brian Campbell is hit by Simon Despres and loses puck.
5:59 of 2nd period - Aleksander Barkov is hit by Simon Despres and loses puck.
6:03 of 2nd period - Aleksander Barkov is hit by Simon Despres and loses puck.
6:09 of 2nd period - Aleksander Barkov is hit by Simon Despres and loses puck.
6:34 of 2nd period - Shot by Tyler Bozak.
6:34 of 2nd period - Shot Misses the Net.
6:43 of 2nd period - Tyler Bozak is hit by Simon Despres and loses puck.
7:10 of 2nd period - Shot by Ryan Johansen.
7:10 of 2nd period - Stopped by Cam Ward without a rebound.
7:11 of 2nd period - Ryan Strome wins face-off versus Ryan Kesler in Oilers zone.
7:25 of 2nd period - Shot by Ryan Kesler.
7:25 of 2nd period - Shot Blocked by Brent Burns.
7:29 of 2nd period - Shot by Ryan Kesler.
7:29 of 2nd period - Shot Blocked by Brent Burns.
7:31 of 2nd period - Shot by Gabriel Landeskog.
7:31 of 2nd period - Shot Blocked by Ryan Strome.
7:35 of 2nd period - Shot by Gabriel Landeskog.
7:35 of 2nd period - Shot Misses the Net.
8:15 of 2nd period - Shot by Scottie Upshall.
8:15 of 2nd period - Shot Hit the Post.
9:56 of 2nd period - Shot by Logan Couture.
9:56 of 2nd period - Stopped by Cam Ward without a rebound.
9:57 of 2nd period - Evgeny Kuznetsov wins face-off versus Aleksander Barkov in Oilers zone.
10:16 of 2nd period - Shot by Evgeny Kuznetsov.
10:16 of 2nd period - Shot Misses the Net.
10:18 of 2nd period - Shot by Simon Despres.
10:18 of 2nd period - Stopped by Cam Ward without a rebound.
10:19 of 2nd period - Mikkel Boedker wins face-off versus Marcus Kruger in Oilers zone.
10:37 of 2nd period - Icing by Tyler Bozak.
10:38 of 2nd period - Tyler Bozak wins face-off versus Claude Giroux in Oilers zone.
10:48 of 2nd period - Off-side.
10:49 of 2nd period - Evgeny Kuznetsov wins face-off versus Justin Williams in neutral zone.
10:53 of 2nd period - Reilly Smith is hit by Marco Scandella and loses puck.
11:09 of 2nd period - Evgeny Kuznetsov is hit by Brad Stuart and loses puck.
11:23 of 2nd period - Minor Penalty to Brad Stuart for Holding.
11:24 of 2nd period - Tyler Bozak wins face-off versus Claude Giroux in Oilers zone.
11:49 of 2nd period - Shot by Matt Read.
11:49 of 2nd period - Deflect By Ryan Kesler.
11:49 of 2nd period - Shot Misses the Net.
12:52 of 2nd period - Shot by Brent Burns.
12:52 of 2nd period - Shot Misses the Net.
12:54 of 2nd period - Shot by Alex Pietrangelo.
12:54 of 2nd period - Shot Misses the Net.
12:56 of 2nd period - Shot by Evgeny Kuznetsov.
12:56 of 2nd period - Shot Misses the Net.
12:58 of 2nd period - Shot by Phil Kessel.
12:58 of 2nd period - Goal by Phil Kessel - Canucks : 2 - Oilers : 1.
12:59 of 2nd period - Aleksander Barkov wins face-off versus Marcus Kruger in neutral zone.
13:21 of 2nd period - Matt Read is hit by Simon Despres and loses puck.
14:00 of 2nd period - Gabriel Landeskog is hit by Chris Kreider and loses puck.
14:26 of 2nd period - Off-side.
14:27 of 2nd period - Ryan Johansen wins face-off versus Tyler Bozak in neutral zone.
14:48 of 2nd period - Shot by Tyler Bozak.
14:48 of 2nd period - Shot Hit the Post.
15:07 of 2nd period - Icing by Alex Pietrangelo.
15:08 of 2nd period - Adam Henrique wins face-off versus Ryan Kesler in Canucks zone.
16:19 of 2nd period - Shot by Matt Read.
16:19 of 2nd period - Shot Misses the Net.
16:21 of 2nd period - Shot by Marc-Edouard Vlasic.
16:21 of 2nd period - Shot Misses the Net.
16:23 of 2nd period - Shot by Matt Read.
16:23 of 2nd period - Stopped by Henrik Lundqvist without a rebound.
16:24 of 2nd period - Tyler Bozak wins face-off versus Evgeny Kuznetsov in Canucks zone.
16:25 of 2nd period - Shot by Mikkel Boedker.
16:25 of 2nd period - Shot Misses the Net.
16:58 of 2nd period - Icing by Simon Despres.
16:59 of 2nd period - Evgeny Kuznetsov wins face-off versus Ryan Kesler in Canucks zone.
17:33 of 2nd period - Shot by Ryan Johansen.
17:33 of 2nd period - Deflect By Ryan Strome.
17:33 of 2nd period - Stopped by Cam Ward without a rebound.
17:34 of 2nd period - Claude Giroux wins face-off versus Tyler Bozak in Oilers zone.
17:49 of 2nd period - Shot by Logan Couture.
17:49 of 2nd period - Stopped by Cam Ward without a rebound.
17:50 of 2nd period - Aleksander Barkov wins face-off versus Ryan Johansen in Oilers zone.
18:08 of 2nd period - Shot by Ryan Johansen.
18:08 of 2nd period - Shot Misses the Net.
18:10 of 2nd period - Shot by Alex Pietrangelo.
18:10 of 2nd period - Shot Misses the Net.
18:14 of 2nd period - Shot by Ryan Strome.
18:14 of 2nd period - Shot Misses the Net.
18:34 of 2nd period - Shot by Ryan Johansen.
18:34 of 2nd period - Shot Misses the Net.
18:52 of 2nd period - Shot by Logan Couture.
18:52 of 2nd period - Stopped by Cam Ward without a rebound.
18:53 of 2nd period - Marcus Kruger wins face-off versus Ryan Kesler in Oilers zone.
19:07 of 2nd period - Ryan Kesler is hit by Simon Despres and loses puck.
19:16 of 2nd period - Shot by Ryan Kesler.
19:16 of 2nd period - Shot Blocked by Chris Kreider.
19:18 of 2nd period - Shot by Ryan Kesler.
19:18 of 2nd period - Stopped by Henrik Lundqvist without a rebound.
19:19 of 2nd period - Tyler Bozak wins face-off versus Claude Giroux in Canucks zone.
19:37 of 2nd period - Mikkel Boedker is hit by Brent Burns and loses puck.
19:55 of 2nd period - Off-side.
19:56 of 2nd period - Ryan Kesler wins face-off versus Ryan Johansen in neutral zone.
19:59 of 2nd period - Andrei Markov is hit by Ryan Kesler and loses puck.
Goals for this period are 2 for Canucks vs 0 for Oilers.
Shots for this period are 9 for Canucks vs 4 for Oilers.

3rd period


0:01 of 3rd period - Claude Giroux wins face-off versus Gabriel Landeskog in neutral zone.
0:20 of 3rd period - Gabriel Landeskog is hit by Claude Giroux.
0:50 of 3rd period - Icing by Phil Kessel.
0:51 of 3rd period - Tyler Bozak wins face-off versus Claude Giroux in Canucks zone.
0:58 of 3rd period - Shot by Tyler Bozak.
0:58 of 3rd period - Shot Misses the Net.
1:23 of 3rd period - Icing by Erik Karlsson.
1:24 of 3rd period - Aleksander Barkov wins face-off versus Ryan Johansen in Canucks zone.
1:25 of 3rd period - Shot by Matt Read.
1:25 of 3rd period - Shot Misses the Net.
1:27 of 3rd period - Shot by Jeff Schultz.
1:27 of 3rd period - Stopped by Henrik Lundqvist without a rebound.
1:28 of 3rd period - Aleksander Barkov wins face-off versus Ryan Johansen in Canucks zone.
1:49 of 3rd period - Brent Burns is hit by Kyle Quincey and loses puck.
2:02 of 3rd period - Shot by Ryan Strome.
2:02 of 3rd period - Stopped by Cam Ward without a rebound.
2:03 of 3rd period - Jimmy Hayes wins face-off versus Ryan Kesler in Oilers zone.
2:03 of 3rd period - Jimmy Hayes is hit by Brad Stuart.
2:22 of 3rd period - Gabriel Landeskog is hit by Simon Despres and loses puck.
2:37 of 3rd period - Shot by Gabriel Landeskog.
2:37 of 3rd period - Shot Blocked by Jonas Brodin.
2:39 of 3rd period - Shot by Marco Scandella.
2:39 of 3rd period - Stopped by Henrik Lundqvist without a rebound.
2:40 of 3rd period - Tyler Bozak wins face-off versus Claude Giroux in Canucks zone.
2:41 of 3rd period - Shot by Jay Beagle.
2:41 of 3rd period - Stopped by Henrik Lundqvist without a rebound.
2:42 of 3rd period - Claude Giroux wins face-off versus Tyler Bozak in Canucks zone.
2:55 of 3rd period - Shot by Phil Kessel.
2:55 of 3rd period - Shot Misses the Net.
2:57 of 3rd period - Shot by Andrei Markov.
2:57 of 3rd period - Shot Misses the Net.
4:17 of 3rd period - Shot by Gabriel Landeskog.
4:17 of 3rd period - Shot Misses the Net.
4:20 of 3rd period - Icing by Erik Karlsson.
4:21 of 3rd period - Aleksander Barkov wins face-off versus Ryan Johansen in Canucks zone.
4:28 of 3rd period - Shot by Aleksander Barkov.
4:28 of 3rd period - Shot Blocked by Brent Burns.
4:31 of 3rd period - Icing by Ryan Johansen.
4:32 of 3rd period - Aleksander Barkov wins face-off versus Ryan Johansen in Canucks zone.
5:17 of 3rd period - Shot by Andrei Markov.
5:17 of 3rd period - Stopped by Cam Ward with a rebound.
5:27 of 3rd period - Shot by Marcus Kruger.
5:27 of 3rd period - Shot Misses the Net.
5:29 of 3rd period - Shot by Marcus Kruger.
5:29 of 3rd period - Goal by Marcus Kruger - Canucks : 3 - Oilers : 1.
5:30 of 3rd period - Ryan Kesler wins face-off versus Claude Giroux in neutral zone.
6:48 of 3rd period - Minor Penalty to Brian Campbell for Slashing.
6:49 of 3rd period - Ryan Kesler wins face-off versus Chris Kreider in Oilers zone.
7:41 of 3rd period - Icing by Adam Henrique.
7:42 of 3rd period - Tyler Bozak wins face-off versus Evgeny Kuznetsov in Canucks zone.
8:05 of 3rd period - Alex Pietrangelo is hit by Ryan Kesler and loses puck.
8:26 of 3rd period - Shot by Logan Couture.
8:26 of 3rd period - Deflect By Claude Giroux.
8:26 of 3rd period - Shot Misses the Net.
10:06 of 3rd period - Shot by Aleksander Barkov.
10:06 of 3rd period - Stopped by Henrik Lundqvist without a rebound.
10:07 of 3rd period - Ryan Kesler wins face-off versus Ryan Johansen in Canucks zone.
10:10 of 3rd period - Shot by Ryan Kesler.
10:10 of 3rd period - Stopped by Henrik Lundqvist with a rebound.
10:12 of 3rd period - Shot by Ryan Kesler.
10:12 of 3rd period - Stopped by Henrik Lundqvist without a rebound.
10:13 of 3rd period - Ryan Johansen wins face-off versus Ryan Kesler in Canucks zone.
10:13 of 3rd period - Ryan Johansen is hit by Gabriel Landeskog.
10:29 of 3rd period - Minor Penalty to Marc-Edouard Vlasic for Roughing.
10:30 of 3rd period - Claude Giroux wins face-off versus Ryan Kesler in Oilers zone.
10:53 of 3rd period - Shot by Erik Karlsson.
10:53 of 3rd period - Shot Misses the Net.
10:55 of 3rd period - Shot by Logan Couture.
10:55 of 3rd period - Stopped by Cam Ward without a rebound.
10:56 of 3rd period - Evgeny Kuznetsov wins face-off versus Ryan Kesler in Oilers zone.
11:27 of 3rd period - Shot by Phil Kessel.
11:27 of 3rd period - Shot Misses the Net.
11:29 of 3rd period - Shot by Brent Burns.
11:29 of 3rd period - Shot Misses the Net.
11:31 of 3rd period - Shot by Alex Pietrangelo.
11:31 of 3rd period - Shot Misses the Net.
11:33 of 3rd period - Shot by Adam Henrique.
11:33 of 3rd period - Shot Blocked by Brad Stuart.
11:35 of 3rd period - Shot by Alex Pietrangelo.
11:35 of 3rd period - Shot Misses the Net.
11:39 of 3rd period - Shot by Evgeny Kuznetsov.
11:39 of 3rd period - Stopped by Cam Ward without a rebound.
11:40 of 3rd period - Tyler Bozak wins face-off versus Claude Giroux in Oilers zone.
11:40 of 3rd period - Tyler Bozak is hit by Logan Couture.
12:20 of 3rd period - Shot by Claude Giroux.
12:20 of 3rd period - Shot Misses the Net.
12:35 of 3rd period - Icing by Justin Williams.
12:36 of 3rd period - Gabriel Landeskog wins face-off versus Marcus Kruger in Oilers zone.
13:21 of 3rd period - Icing by Marcus Kruger.
13:22 of 3rd period - Aleksander Barkov wins face-off versus Marcus Kruger in Canucks zone.
13:25 of 3rd period - Shot by Matt Read.
13:25 of 3rd period - Shot Blocked by Jonas Brodin.
13:27 of 3rd period - Shot by Marc-Edouard Vlasic.
13:27 of 3rd period - Shot Blocked by Jonas Brodin.
13:29 of 3rd period - Shot by Scottie Upshall.
13:29 of 3rd period - Stopped by Henrik Lundqvist without a rebound.
13:30 of 3rd period - Claude Giroux wins face-off versus Tyler Bozak in Canucks zone.
14:38 of 3rd period - Off-side.
14:39 of 3rd period - Evgeny Kuznetsov wins face-off versus Ryan Kesler in neutral zone.
15:14 of 3rd period - Shot by Reilly Smith.
15:14 of 3rd period - Stopped by Cam Ward with a rebound.
15:16 of 3rd period - Shot by Simon Despres.
15:16 of 3rd period - Stopped by Cam Ward without a rebound.
15:17 of 3rd period - Aleksander Barkov wins face-off versus Ryan Johansen in Oilers zone.
15:30 of 3rd period - Shot by Ryan Johansen.
15:30 of 3rd period - Stopped by Cam Ward without a rebound.
15:31 of 3rd period - Claude Giroux wins face-off versus Aleksander Barkov in Oilers zone.
16:41 of 3rd period - Shot by Ryan Johansen.
16:41 of 3rd period - Stopped by Cam Ward without a rebound.
16:42 of 3rd period - Marcus Kruger wins face-off versus Tyler Bozak in Oilers zone.
16:55 of 3rd period - Shot by Mikkel Boedker.
16:55 of 3rd period - Stopped by Henrik Lundqvist without a rebound.
16:56 of 3rd period - Ryan Johansen wins face-off versus Ryan Kesler in Canucks zone.
17:01 of 3rd period - Shot by Adam Henrique.
17:01 of 3rd period - Stopped by Cam Ward without a rebound.
17:02 of 3rd period - Ryan Strome wins face-off versus Justin Williams in Oilers zone.
17:23 of 3rd period - Shot by Ryan Johansen.
17:23 of 3rd period - Stopped by Cam Ward without a rebound.
17:24 of 3rd period - Claude Giroux wins face-off versus Tyler Bozak in Oilers zone.
17:35 of 3rd period - Shot by Claude Giroux.
17:35 of 3rd period - Stopped by Cam Ward without a rebound.
17:36 of 3rd period - Adam Henrique wins face-off versus Ryan Kesler in Oilers zone.
17:51 of 3rd period - Shot by Erik Karlsson.
17:51 of 3rd period - Stopped by Cam Ward without a rebound.
17:52 of 3rd period - Tyler Bozak wins face-off versus Claude Giroux in Oilers zone.
18:22 of 3rd period - Shot by Phil Kessel.
18:22 of 3rd period - Deflect By Claude Giroux.
18:22 of 3rd period - Shot Blocked by Marc-Edouard Vlasic.
18:30 of 3rd period - Shot by Mikkel Boedker.
18:30 of 3rd period - Stopped by Henrik Lundqvist without a rebound.
18:31 of 3rd period - Ryan Johansen wins face-off versus Ryan Kesler in Canucks zone.
18:36 of 3rd period - Shot by Gabriel Landeskog.
18:36 of 3rd period - Stopped by Henrik Lundqvist without a rebound.
18:37 of 3rd period - Ryan Strome wins face-off versus Ryan Kesler in Canucks zone.
18:42 of 3rd period - Shot by Adam Henrique.
18:42 of 3rd period - Shot Misses the Net.
19:09 of 3rd period - Shot by Ryan Kesler.
19:09 of 3rd period - Shot Blocked by Erik Karlsson.
19:11 of 3rd period - Shot by Gabriel Landeskog.
19:11 of 3rd period - Shot Misses the Net.
19:19 of 3rd period - Shot by Justin Williams.
19:19 of 3rd period - Shot Misses the Net.
19:21 of 3rd period - Shot by Brad Stuart.
19:21 of 3rd period - Stopped by Henrik Lundqvist without a rebound.
19:22 of 3rd period - Marcus Kruger wins face-off versus Tyler Bozak in Canucks zone.
19:26 of 3rd period - Icing by Jimmy Hayes.
19:27 of 3rd period - Marcus Kruger wins face-off versus Tyler Bozak in Canucks zone.
19:52 of 3rd period - Icing by Alex Pietrangelo.
19:53 of 3rd period - Ryan Kesler wins face-off versus Marcus Kruger in Canucks zone.
19:53 of 3rd period - Marco Scandella is hit by Andrei Markov and loses puck.
Goals for this period are 1 for Canucks vs 0 for Oilers.
Shots for this period are 13 for Canucks vs 11 for Oilers.